Map: Dusk Towers

Players

MorN - Winner!

  • Race: Terran Terran
  • League: Master

Apocalypse

  • Race: Protoss Protoss
  • League: Master

VOD

Have the link to the VOD?

Description

Time

  • Played on: Dec. 1, 2015, 7:10 p.m.
  • Length: 9:45
Show
View Real Time Build Order
Export as new Build Order

MorN Terran - Winner!

Build Orders: MMM Bio 

Get SALT Encoding   

  12  0:00  SCV  
  13  0:13  SCV  
  14  0:17  Supply Depot  
  14  0:25  SCV  
  15  0:38  SCV  
  15  0:40  Barracks  
  16  0:44  Refinery  
  16  0:50  SCV  
  17  1:03  SCV  
  18  1:15  SCV  
  19  1:28  Marine, Orbital Command  
  20  1:41  Command Center  
  20  1:52  Factory  
  20  1:54  Marine  
  20  1:57  SCV  
  22  2:04  Supply Depot  
  22  2:10  SCV  
  23  2:25  Marine  
  23  2:26  SCV  
  25  2:36  Barracks  
  25  2:37  Factory Tech Lab  
  25  2:43  SCV  
  26  2:46  Marine  
  27  2:56  Command Center  
  27  2:58  Orbital Command  
  27  3:06  Cyclone  
  27  3:09  SCV  
  27  3:12  Marine  
  32  3:17  Refinery  
  32  3:21  Engineering Bay  
  32  3:24  SCV  
  33  3:31  Marine  
  34  3:43  SCV  
  34  3:44  Factory Reactor  
  34  3:46  Stimpack  
  35  3:49  SCV  
  35  3:55  SCV  
  37  3:56  Refinery  
  37  3:58  Marine  
  37  4:01  SCV  
  39  4:05  Barracks Tech Lab  
  39  4:07  SCV  
  39  4:08  Supply Depot  
  40  4:11  Orbital Command  
  40  4:13  SCV  
  40  4:15  Terran Infantry Weapons Level 1  
  41  4:19  SCV  
  41  4:22  Marine  
  43  4:25  SCV  
  43  4:27  Barracks  
  45  4:31  SCV  
  45  4:33  Factory Reactor  
  45  4:34  Starport  
  45  4:37  SCV  
  46  4:40  SCV  
  46  4:43  SCV  
  48  4:47  Marine  
  48  4:48  Combat Shields, Marauder  
  48  4:51  SCV  
  48  4:52  SCV  
  53  4:56  SCV  
  53  4:59  Supply Depot  
  54  5:04  SCV  
  54  5:06  Marine  
  56  5:09  Marine  
  56  5:13  SCV  
  58  5:20  Barracks  
  59  5:21  SCV x2, Barracks  
  59  5:23  Refinery  
  59  5:24  Supply Depot  
  59  5:25  Factory Reactor  
  59  5:26  Medivac x2  
  64  5:30  SCV  
  64  5:33  SCV  
  64  5:35  Supply Depot  
  66  5:36  Marauder x2  
  66  5:37  Marine  
  66  5:42  Orbital Command  
  71  5:45  SCV x2  
  73  5:52  Concussive Shells  
  73  5:55  Supply Depot  
  73  5:57  SCV  
  73  6:03  Supply Depot  
  74  6:10  SCV x3  
  77  6:11  Terran Infantry Armor Level 1  
  77  6:12  Missile Turret  
  77  6:13  Barracks Reactor, Barracks Tech Lab  
  77  6:18  Widow Mine x2, Medivac x2  
  81  6:22  SCV x3  
  81  6:25  Marine x2  
  88  6:26  Refinery, Marauder x2  
  94  6:34  SCV x3  
  94  6:39  Supply Depot  
  97  6:40  Supply Depot  
  97  6:42  Sensor Tower  
  97  6:46  SCV x3  
  88  6:56  Marine x3  
  88  6:57  Marauder x3, Widow Mine, Medivac x2, Marine  
  88  6:58  SCV, Widow Mine  
  107  7:09  Supply Depot  
  107  7:11  SCV x3  
  107  7:14  Marine x3  
  113  7:19  Marauder  
  113  7:21  Marine x3  
  117  7:27  Liberator x2  
  109  7:40  Marauder x3, Marine x4  
  119  7:44  Widow Mine x2  
  119  7:50  Barracks  
  119  7:51  Barracks  
  129  7:52  Engineering Bay, Barracks  
  129  7:54  Armory  
  129  7:57  Marine  
  129  7:58  Marine  
  131  8:01  Marauder x2  
  131  8:04  Marine x2  
  131  8:05  Marauder  
  131  8:13  Widow Mine  
  133  8:24  Supply Depot  
  133  8:25  Supply Depot  
  133  8:27  Marine x4, Widow Mine  
  133  8:28  Marauder x3  
  147  8:42  Barracks Tech Lab x2  
  147  8:43  Barracks Reactor  
  147  8:45  Marine x3  
  148  8:49  Marauder  
  148  8:50  Command Center, Marauder  
  152  9:00  Marine x2  
  152  9:01  Marauder, Marine  
  157  9:11  Marauder x2  
Show
View Real Time Build Order
Export as new Build Order

Apocalypse Protoss 

Build Orders: 1 Gate Expand 

Get SALT Encoding   

  12  0:04  Probe (Chrono Boost)  
  13  0:15  Probe (Chrono Boost)  
  13  0:20  Pylon  
  14  0:25  Probe (Chrono Boost)  
  15  0:38  Probe (Chrono Boost), Gateway  
  16  0:43  Assimilator  
  16  0:48  Probe (Chrono Boost)  
  17  0:59  Probe (Chrono Boost)  
  18  1:10  Probe (Chrono Boost)  
  19  1:20  Probe (Chrono Boost)  
  19  1:25  Nexus  
  20  1:31  Probe (Chrono Boost)  
  21  1:39  Cybernetics Core  
  21  1:42  Probe (Chrono Boost)  
  22  1:48  Pylon  
  22  1:53  Probe (Chrono Boost)  
  23  1:56  Assimilator  
  23  2:07  Probe (Chrono Boost)  
  24  2:16  Warp Gate  
  24  2:18  Adept  
  24  2:19  Mothership Core (Chrono Boost)  
  29  2:37  Probe (Chrono Boost)  
  29  2:38  Probe (Chrono Boost)  
  29  2:44  Robotics Facility  
  30  2:45  Adept  
  30  2:47  Probe (Chrono Boost)  
  30  2:48  Probe (Chrono Boost)  
  34  2:58  Probe (Chrono Boost)  
  35  2:59  Probe (Chrono Boost)  
  36  3:07  Forge  
  36  3:08  Probe (Chrono Boost)  
  36  3:09  Probe (Chrono Boost)  
  38  3:14  Adept  
  38  3:19  Probe (Chrono Boost)  
  42  3:20  Probe (Chrono Boost)  
  42  3:30  Probe x2 (Chrono Boost)  
  44  3:38  Pylon  
  44  3:40  Probe (Chrono Boost)  
  44  3:41  Probe (Chrono Boost)  
  46  3:43  Protoss Ground Armor Level 1 (Chrono Boost)  
  46  3:50  Assimilator  
  46  3:55  Warp Prism  
  46  3:56  Probe (Chrono Boost), Adept  
  51  4:03  Gateway  
  51  4:04  Gateway  
  51  4:06  Probe x2 (Chrono Boost)  
  53  4:11  Pylon  
  53  4:13  Assimilator  
  53  4:14  Pylon  
  53  4:25  Probe (Chrono Boost)  
  53  4:30  Probe (Chrono Boost)  
  55  4:37  Sentry  
  57  4:39  Probe (Chrono Boost)  
  57  4:40  Probe (Chrono Boost), Nexus  
  59  4:47  Immortal  
  63  4:59  Twilight Council  
  63  5:00  Probe x2  
  63  5:02  Pylon  
  65  5:07  Sentry  
  65  5:11  Sentry  
  69  5:20  Probe x2, Pylon  
  71  5:22  Pylon  
  71  5:24  Protoss Ground Armor Level 2 (Chrono Boost)  
  71  5:25  Pylon  
  71  5:26  Sentry, Immortal, Pylon  
  73  5:32  Probe  
  78  5:38  Probe  
  79  5:44  Probe  
  79  5:48  Resonating Glaives (Chrono Boost)  
  80  5:50  Probe  
  80  5:56  Gateway x2, Probe  
  82  5:59  Sentry x3, Probe  
  89  6:08  Probe x2  
  91  6:12  Immortal  
  91  6:17  Probe  
  95  6:19  Pylon  
  95  6:20  Probe  
  95  6:23  Stalker x2  
  101  6:26  Stalker  
  101  6:29  Probe  
  101  6:31  Probe  
  101  6:32  Probe  
  106  6:35  Assimilator  
  106  6:40  Probe  
  106  6:46  Adept x2  
  103  6:55  Adept  
  103  6:57  Probe x2  
  107  7:01  Assimilator  
  107  7:05  Photon Cannon  
  107  7:06  Photon Cannon  
  107  7:08  Pylon  
  107  7:09  Pylon  
  107  7:11  Immortal  
  107  7:14  Gateway  
  111  7:16  Gateway  
  111  7:17  Adept x2  
  111  7:18  Adept x2  
  120  7:22  Probe  
  120  7:23  Probe  
  113  7:37  Stalker  
  113  7:42  Stalker x2  
  113  7:43  Stalker x2  
  123  7:47  Dark Shrine  
  123  7:49  Probe  
  123  7:50  Probe, Observer  
  126  7:58  Blink (Chrono Boost)  
  124  8:07  Adept x3  
  124  8:08  Adept x2  
  124  8:10  Probe  
  124  8:12  Probe x2  
  137  8:16  Immortal, Gateway  
  137  8:17  Gateway  
  141  8:25  Probe  
  142  8:30  Stalker x3  
  142  8:31  Stalker  
  148  8:37  Pylon  
  148  8:38  Pylon  
  148  8:40  Pylon  
  148  8:49  Photon Cannon  
  148  9:03  Dark Templar  
  148  9:04  Dark Templar x2  
  148  9:05  Dark Templar  
  146  9:27  Probe  
  111  9:41  Adept x4  
  111  9:42  Adept  
Tags
 
Composition
MMM Bio
Matchup
PvT
Replay Pack
MorN pack 2
Add a new tag
Caveats
  • Supply blocks, unpowered buildings, or Contaminate may cause inaccurate times.
  • Supply counts are checked every 10 seconds.